3R
GERMANTOWN URUGUAYANS @ GREENPORT HARBOR WHALES
08/01/2037
 
TOP OF THE 1ST
Germantown Uruguayans batting - Pitching for Greenport Harbor Whales : RHP Javier Soto
Pitching: RHP Javier Soto
Batting: RHB Jack Plumb 0-0: Called Strike
0-1: Ball
1-1: Swinging Strike
1-2: Foul Ball, location: 2F
1-2: Strikes out swinging
Batting: RHB Tetahiti Kelala 0-0: Called Strike
0-1: Ball
1-1: Swinging Strike
1-2: Ball
2-2: Foul Ball, location: 2F
2-2: Strikes out swinging
Batting: LHB Robert Dawson 0-0: Ball
1-0: Foul Ball, location: 2F
1-1: Ground out U3 (Groundball, 3, EV 100.6 MPH)
Top of the 1st over - 0 runs, 0 hits, 0 errors, 0 left on base; Germantown 0 - Greenport 0
BOTTOM OF THE 1ST
Greenport Harbor Whales batting - Pitching for Germantown Uruguayans : LHP Wesley van Klaveren
Pitching: LHP Wesley van Klaveren
Batting: LHB Kyung-ryul Kim 0-0: Ball
1-0: Foul Ball, location: 2F
1-1: Single, Error in OF, E7, batter to second base (Line Drive, 7S, EV 103.1 MPH)
Batting: LHB Damon Cross 0-0: Ball
1-0: Ball
2-0: Ball
3-0: Base on Balls
Batting: RHB Vinnie Nuyten 0-0: Ball
1-0: Called Strike
1-1: Ball
2-1: Fly out, F9 (Line Drive, 9D, EV 93.1 MPH)
Runner from 2nd tags up, SAFE at 3rd, no throw by RF
Batting: RHB Román Espinoza 0-0: Fly out, F3 (Popup, 3S, EV 80.0 MPH)
Batting: RHB Travis Miller 0-0: Ground out 5-3 (Groundball, 56S, EV 61.2 MPH)
Bottom of the 1st over - 0 runs, 1 hit, 1 error, 2 left on base; Germantown 0 - Greenport 0
TOP OF THE 2ND
Germantown Uruguayans batting - Pitching for Greenport Harbor Whales : RHP Javier Soto
Batting: RHB Troy Clark 0-0: Ball
1-0: Fly out, F3 (Popup, 23F, EV 89.4 MPH)
Batting: LHB Walt Davis 0-0: Called Strike
0-1: Ground out 4-3 (Groundball, 4, EV 108.1 MPH)
Batting: RHB Byron Shadix 0-0: Foul Ball, location: 2F
0-1: Called Strike
0-2: Ball
1-2: Strikes out swinging
Top of the 2nd over - 0 runs, 0 hits, 0 errors, 0 left on base; Germantown 0 - Greenport 0
BOTTOM OF THE 2ND
Greenport Harbor Whales batting - Pitching for Germantown Uruguayans : LHP Wesley van Klaveren
Batting: RHB Ben Russell 0-0: Ball
1-0: Ball
2-0: SINGLE (Line Drive, 78S, EV 93.1 MPH)
Batting: RHB Jerry Simmons 0-0: Ball
1-0: Ball
2-0: Swinging Strike
2-1: Foul Ball, location: 2F
2-2: 2-RUN HOME RUN (Flyball, 9D, EV 96.9 MPH), Distance : 373 ft
Batting: RHB John Ratzlaff 0-0: Swinging Strike
0-1: Ball
1-1: Called Strike
1-2: Ball
2-2: Ball
3-2: Strikes out swinging
Batting: RHB Wessel Dekkers 0-0: Foul Ball, location: 2F
0-1: Ball
1-1: Ball
2-1: Swinging Strike
2-2: Ball
3-2: Foul Ball, location: 2F
3-2: Strikes out swinging
Batting: LHB Kyung-ryul Kim 0-0: SINGLE (Flyball, 89M, EV 93.8 MPH)
Batting: LHB Damon Cross 0-0: Ball
1-0: Ball
2-0: Called Strike
2-1: Called Strike
2-2: Foul Ball, location: 2F
2-2: Foul Ball, location: 2F
2-2: Foul Ball, location: 2F
2-2: Ball
3-2: Foul Ball, location: 2F
3-2: SINGLE (Groundball, 34D, EV 95.6 MPH)
Kyung-ryul Kim to second
Kyung-ryul Kim to third
Batting: RHB Vinnie Nuyten 0-0: Ball
1-0: Ball
2-0: Fly out, F8 (Flyball, 78D, EV 102.5 MPH)
Bottom of the 2nd over - 2 runs, 4 hits, 0 errors, 2 left on base; Germantown 0 - Greenport 2
TOP OF THE 3RD
Germantown Uruguayans batting - Pitching for Greenport Harbor Whales : RHP Javier Soto
Batting: LHB Matt Mullen 0-0: Ball
1-0: Ball
2-0: Hit by Pitch
Batting: RHB Cees Spaan 0-0: Called Strike
0-1: Called Strike
0-2: Ball
1-2: Foul Ball, location: 2F
1-2: Foul Ball, location: 2F
1-2: Grounds into double play, 4-6-3 (Groundball, 4, EV 103.8 MPH)
Batting: RHB Anthony McGee 0-0: Called Strike
0-1: Ball
1-1: Fly out, F4 (Line Drive, 4, EV 64.4 MPH)
Top of the 3rd over - 0 runs, 0 hits, 0 errors, 0 left on base; Germantown 0 - Greenport 2
BOTTOM OF THE 3RD
Greenport Harbor Whales batting - Pitching for Germantown Uruguayans : LHP Wesley van Klaveren
Batting: RHB Román Espinoza 0-0: Called Strike
0-1: SINGLE (Line Drive, 34D, EV 101.9 MPH)
Batting: RHB Travis Miller 0-0: SINGLE (Groundball, 6MD, EV 96.9 MPH)
Román Espinoza to second
Batting: RHB Ben Russell 0-0: Called Strike
0-1: Swinging Strike
0-2: Ball
1-2: Strikes out swinging
Batting: RHB Jerry Simmons 0-0: Ball
1-0: Ball
2-0: Ball
3-0: Called Strike
3-1: Swinging Strike
3-2: Base on Balls
Román Espinoza to third
Travis Miller to second
Batting: RHB John Ratzlaff 0-0: Ball
1-0: Foul Ball, location: 2F
1-1: Ball
2-1: Ball
3-1: Foul Ball, location: 2F
3-2: Foul Ball, location: 2F
3-2: Ground out 5-3 (Groundball, 56S, EV 75.6 MPH)
Román Espinoza scores
Travis Miller to third
Jerry Simmons to second
Batting: RHB Wessel Dekkers 0-0: Ground out 5-3 (Groundball, 56S, EV 83.1 MPH)
Bottom of the 3rd over - 1 run, 2 hits, 0 errors, 2 left on base; Germantown 0 - Greenport 3
TOP OF THE 4TH
Germantown Uruguayans batting - Pitching for Greenport Harbor Whales : RHP Javier Soto
Batting: RHB Jack Plumb 0-0: Called Strike
0-1: Called Strike
0-2: Ball
1-2: Foul Ball, location: 2F
1-2: Ball
2-2: Foul Ball, location: 2F
2-2: Strikes out swinging
Batting: RHB Tetahiti Kelala 0-0: Foul Ball, location: 2F
0-1: Called Strike
0-2: Strikes out swinging
Batting: LHB Robert Dawson 0-0: Foul Ball, location: 2F
0-1: Swinging Strike
0-2: Strikes out swinging
Top of the 4th over - 0 runs, 0 hits, 0 errors, 0 left on base; Germantown 0 - Greenport 3
BOTTOM OF THE 4TH
Greenport Harbor Whales batting - Pitching for Germantown Uruguayans : LHP Wesley van Klaveren
Batting: LHB Kyung-ryul Kim 0-0: Called Strike
0-1: Ball
1-1: Foul Ball, location: 2F
1-2: Ball
2-2: SINGLE (Groundball, 6MD, EV 98.1 MPH)
Batting: LHB Damon Cross 0-0: Ball
1-0: Foul Ball, location: 2F
1-1: Ball
2-1: Called Strike
2-2: Foul Ball, location: 2F
2-2: Ball
3-2: Base on Balls
Kyung-ryul Kim to second
Batting: RHB Vinnie Nuyten 0-0: Called Strike
0-1: Ball
1-1: Fly out, F5 (Popup, 25, EV 80.0 MPH)
Batting: RHB Román Espinoza 0-0: Called Strike
0-1: Ball
1-1: Foul Ball, location: 2F
1-2: Ball
2-2: DOUBLE (Line Drive, 9LM, EV 91.9 MPH)
Kyung-ryul Kim scores
Damon Cross to third
Batting: RHB Travis Miller 0-0: Ball
1-0: Ball
2-0: Foul Ball, location: 2F
2-1: Ball
3-1: Called Strike
3-2: Strikes out swinging
Batting: RHB Ben Russell 0-0: Ball
1-0: Ball
2-0: Foul Ball, location: 2F
2-1: Foul Ball, location: 2F
2-2: Strikes out swinging
Bottom of the 4th over - 1 run, 2 hits, 0 errors, 2 left on base; Germantown 0 - Greenport 4
TOP OF THE 5TH
Germantown Uruguayans batting - Pitching for Greenport Harbor Whales : RHP Javier Soto
Batting: RHB Troy Clark 0-0: Ball
1-0: Ball
2-0: Called Strike
2-1: Ball
3-1: Foul Ball, location: 2F
3-2: Base on Balls
Batting: LHB Walt Davis 0-0: Ball
1-0: SINGLE (Groundball, 13S, EV 74.4 MPH) (infield hit)
Troy Clark to second
Batting: RHB Byron Shadix 0-0: Ball
1-0: Ball
2-0: Called Strike
2-1: Swinging Strike
2-2: Foul Ball, location: 2F
2-2: Foul Ball, location: 2F
2-2: Ball
3-2: Base on Balls
Troy Clark to third
Walt Davis to second
Batting: LHB Matt Mullen 0-0: Called Strike
0-1: Swinging Strike
0-2: Foul Ball, location: 2F
0-2: Ball
1-2: Ball
2-2: Strikes out swinging
Batting: RHB Cees Spaan 0-0: Ball
1-0: Ball
2-0: Swinging Strike
2-1: Fly out, F8 (Line Drive, 8LM, EV 108.1 MPH)
Runner from 3rd tags up, SCORES, throw by CF
Walt Davis to third
Batting: RHB Anthony McGee 0-0: Swinging Strike
0-1: Fly out, F8 (Flyball, 8RM, EV 93.1 MPH)
Top of the 5th over - 1 run, 1 hit, 0 errors, 2 left on base; Germantown 1 - Greenport 4
BOTTOM OF THE 5TH
Greenport Harbor Whales batting - Pitching for Germantown Uruguayans : LHP Wesley van Klaveren
Batting: RHB Jerry Simmons 0-0: Ball
1-0: Fly out, F9 (Flyball, 89S, EV 88.1 MPH)
Batting: RHB John Ratzlaff 0-0: Foul Ball, location: 2F
0-1: Ground out 4-3 (Groundball, 4, EV 83.8 MPH)
Batting: RHB Wessel Dekkers 0-0: Called Strike
0-1: Called Strike
0-2: Fly out, F9 (Flyball, 9S, EV 86.2 MPH)
Bottom of the 5th over - 0 runs, 0 hits, 0 errors, 0 left on base; Germantown 1 - Greenport 4
TOP OF THE 6TH
Germantown Uruguayans batting - Pitching for Greenport Harbor Whales : RHP Javier Soto
Batting: RHB Jack Plumb 0-0: Fly out, F9 (Flyball, 9, EV 89.4 MPH)
Batting: RHB Tetahiti Kelala 0-0: Foul Ball, location: 2F
0-1: Swinging Strike
0-2: Ball
1-2: Foul Ball, location: 2F
1-2: Ground out 5-3 (Groundball, 56S, EV 88.1 MPH)
Batting: LHB Robert Dawson 0-0: Swinging Strike
0-1: Called Strike
0-2: Ball
1-2: Strikes out swinging
Top of the 6th over - 0 runs, 0 hits, 0 errors, 0 left on base; Germantown 1 - Greenport 4
BOTTOM OF THE 6TH
Greenport Harbor Whales batting - Pitching for Germantown Uruguayans : LHP Wesley van Klaveren
Batting: LHB Kyung-ryul Kim 0-0: Called Strike
0-1: Called Strike
0-2: Foul Ball, location: 2F
0-2: Strikes out swinging
Pitching: RHP Artemio Mondragon
Batting: LHB Damon Cross 0-0: Ball
1-0: Ball
2-0: Ball
3-0: Base on Balls
Batting: RHB Vinnie Nuyten 0-0: Ball
1-0: Foul Ball, location: 2F
1-1: SINGLE (Groundball, 6D, EV 100.6 MPH)
Damon Cross to second
Batting: RHB Román Espinoza 0-0: Ball
1-0: SINGLE (Line Drive, 6MD, EV 100.0 MPH)
Damon Cross to third
Vinnie Nuyten to second
Runner from 3rd tries for Home, SAFE, throw by CF to home
Pitching: RHP Louis Fuchs
Batting: RHB Travis Miller 0-0: Called Strike
0-1: Swinging Strike
0-2: Strikes out swinging
Batting: RHB Ben Russell 0-0: Ball
1-0: Foul Ball, location: 2F
1-1: Swinging Strike
1-2: Ball
2-2: Ball
3-2: Foul Ball, location: 2F
3-2: Strikes out swinging
Bottom of the 6th over - 1 run, 2 hits, 0 errors, 2 left on base; Germantown 1 - Greenport 5
TOP OF THE 7TH
Germantown Uruguayans batting - Pitching for Greenport Harbor Whales : RHP Javier Soto
Now at 2B: Germán López
Batting: RHB Troy Clark 0-0: Ball
1-0: Called Strike
1-1: Single, Error in OF, E7, batter to second base (Line Drive, 7S, EV 96.2 MPH)
Batting: LHB Walt Davis 0-0: Called Strike
0-1: Called Strike
0-2: Strikes out swinging
Batting: RHB Byron Shadix 0-0: Ball
1-0: Called Strike
1-1: Ball
2-1: Foul Ball, location: 2F
2-2: Strikes out swinging
Pitching: RHP Ernesto Morín
Batting: LHB Matt Mullen 0-0: Foul Ball, location: 2F
0-1: Foul Ball, location: 2F
0-2: SINGLE (Groundball, 4MD, EV 100.6 MPH)
Troy Clark to third
Runner from 3rd tries for Home, SAFE, throw by CF to home
Now in CF: Kuan Pi
Batting: RHB Cees Spaan 0-0: Foul Ball, location: 2F
0-1: Ball
1-1: Swinging Strike
1-2: Ball
2-2: Ground out 4-3 (Groundball, 4, EV 108.1 MPH)
Top of the 7th over - 1 run, 2 hits, 1 error, 1 left on base; Germantown 2 - Greenport 5
BOTTOM OF THE 7TH
Greenport Harbor Whales batting - Pitching for Germantown Uruguayans : RHP Louis Fuchs
Batting: RHB Jerry Simmons 0-0: Ball
1-0: Fly out, F9 (Flyball, 9S, EV 93.8 MPH)
Batting: RHB John Ratzlaff 0-0: Swinging Strike
0-1: Called Strike
0-2: Strikes out looking
Batting: RHB Wessel Dekkers 0-0: Ball
1-0: Foul Ball, location: 2F
1-1: Called Strike
1-2: Fly out, F9 (Flyball, 89XD, EV 90.0 MPH)
Bottom of the 7th over - 0 runs, 0 hits, 0 errors, 0 left on base; Germantown 2 - Greenport 5
TOP OF THE 8TH
Germantown Uruguayans batting - Pitching for Greenport Harbor Whales : RHP Ernesto Morín
Batting: RHB Anthony McGee 0-0: Ball
1-0: Ball
2-0: Fly out, F4 (Popup, 23, EV 86.9 MPH)
Batting: RHB Jack Plumb 0-0: Called Strike
0-1: Swinging Strike
0-2: Ball
1-2: Strikes out swinging
Batting: RHB Tetahiti Kelala 0-0: Ball
1-0: Called Strike
1-1: Swinging Strike
1-2: SINGLE (Line Drive, 4D, EV 95.0 MPH)
Batting: LHB Robert Dawson 0-0: Swinging Strike
0-1: Foul Ball, location: 2F
0-2: Fly out, F8 (Flyball, 78M, EV 92.5 MPH)
Top of the 8th over - 0 runs, 1 hit, 0 errors, 1 left on base; Germantown 2 - Greenport 5
BOTTOM OF THE 8TH
Greenport Harbor Whales batting - Pitching for Germantown Uruguayans : RHP Louis Fuchs
Batting: LHB Kyung-ryul Kim 0-0: Foul Ball, location: 2F
0-1: Ball
1-1: Ball
2-1: Ground out 2-3 (Groundball, 13S, EV 73.8 MPH)
Batting: LHB Damon Cross 0-0: Foul Ball, location: 2F
0-1: Ball
1-1: Foul Ball, location: 2F
1-2: Fly out, F7 (Flyball, 7LSF, EV 81.9 MPH)
Batting: SHB Germán López 0-0: Swinging Strike
0-1: Called Strike
0-2: Ball
1-2: Ball
2-2: Foul Ball, location: 2F
2-2: Strikes out swinging
Bottom of the 8th over - 0 runs, 0 hits, 0 errors, 0 left on base; Germantown 2 - Greenport 5
TOP OF THE 9TH
Germantown Uruguayans batting - Pitching for Greenport Harbor Whales : RHP Ernesto Morín
Pitching: RHP Gary Podell
Batting: RHB Troy Clark 0-0: Ball
1-0: Called Strike
1-1: Ball
2-1: Ground out 5-3 (Groundball, 56, EV 80.6 MPH)
Batting: LHB Walt Davis 0-0: Foul Ball, location: 2F
0-1: Ball
1-1: Foul Ball, location: 2F
1-2: SINGLE (Line Drive, 78S, EV 105.6 MPH)
Batting: RHB Byron Shadix 0-0: Swinging Strike
0-1: Ball
1-1: Called Strike
1-2: Strikes out swinging
Batting: LHB Matt Mullen 0-0: Called Strike
0-1: Swinging Strike
0-2: Foul Ball, location: 2F
0-2: Foul Ball, location: 2F
0-2: Ball
1-2: Foul Ball, location: 2F
1-2: Fly out, F7 (Flyball, 7, EV 79.4 MPH)
Top of the 9th over - 0 runs, 1 hit, 0 errors, 1 left on base; Germantown 2 - Greenport 5
Thursday, January 23rd, 2020 - OOTP Baseball 20.8 Build 74